BSA
BAFFIN ISLAND BEAVERS @ BIRMINGHAM STEELDOGS
06/12/2026
 
TOP OF THE 1ST
Baffin Island Beavers batting - Pitching for Birmingham Steeldogs : RHP Albert Gonzáles
Pitching: RHP Albert Gonzáles
Batting: LHB Chris Bates 0-0: Foul Ball, location: 2F
0-1: Foul Ball, location: 2F
0-2: Ball
1-2: Ball
2-2: Foul Ball, location: 2F
2-2: Foul Ball, location: 2F
2-2: Foul Ball, location: 2F
2-2: Ball
3-2: Base on Balls
Batting: LHB José Berroa 0-0: Ball
1-0: Fly out, F9 (Flyball, 89S)
Batting: SHB Alonso Ferreira 0-0: Ball
1-0: Called Strike
1-1: Ball
2-1: Foul Ball, location: 2F
2-2: Fly out, F6 (Popup, 6)
Batting: LHB Lorenzo Villa 0-0: Ball
1-0: Called Strike
1-1: Ball
2-1: Fly out, F6 (Popup, 6MD)
Top of the 1st over - 0 run(s), 0 hit(s), 0 error(s), 1 left on base; Baffin Island 0 - Birmingham 0
BOTTOM OF THE 1ST
Birmingham Steeldogs batting - Pitching for Baffin Island Beavers : RHP Mang Tow
Pitching: RHP Mang Tow
Batting: RHB Raúl Soto 0-0: Called Strike
0-1: Foul Ball, location: 2F
0-2: Strikes out looking
Batting: LHB José Sánchez 0-0: Called Strike
0-1: Foul Ball, location: 2F
0-2: Ball
1-2: Ball
2-2: Ball
3-2: Fly out, F7 (Flyball, 78M)
Batting: LHB Chris Miller 0-0: Ball
1-0: Foul Ball, location: 2F
1-1: Ball
2-1: Fly out, F2 (Popup, 2RF)
Bottom of the 1st over - 0 run(s), 0 hit(s), 0 error(s), 0 left on base; Baffin Island 0 - Birmingham 0
TOP OF THE 2ND
Baffin Island Beavers batting - Pitching for Birmingham Steeldogs : RHP Albert Gonzáles
Batting: RHB Tony Morton 0-0: Ball
1-0: Fly out, F9 (Flyball, 9M)
Batting: LHB Mario García 0-0: Ball
1-0: Called Strike
1-1: SINGLE (Groundball, 6MD)
Batting: RHB Dave Craig 0-0: Called Strike
0-1: Called Strike
0-2: Ball
1-2: Strikes out swinging
Batting: LHB Keng-chi Lao 0-0: Ball
1-0: Ball
2-0: Foul Ball, location: 2F
2-1: Ground out 4-3 (Groundball, 4)
Top of the 2nd over - 0 run(s), 1 hit(s), 0 error(s), 1 left on base; Baffin Island 0 - Birmingham 0
BOTTOM OF THE 2ND
Birmingham Steeldogs batting - Pitching for Baffin Island Beavers : RHP Mang Tow
Batting: LHB Arturo Molina 0-0: Ground out 4-3 (Groundball, 34)
Batting: RHB Eric Johnson 0-0: Fly out, F7 (Flyball, 78S)
Batting: LHB Mitchell Oglethorpe 0-0: Ball
1-0: SINGLE (Line Drive, 34)
Batting: RHB Jean-Paul St-Pierre 0-0: DOUBLE (Line Drive, 5)
Mitchell Oglethorpe to third
Batting: RHB Lorenzo Martínez 0-0: Fly out, F4 (Popup, 4MD)
Bottom of the 2nd over - 0 run(s), 2 hit(s), 0 error(s), 2 left on base; Baffin Island 0 - Birmingham 0
TOP OF THE 3RD
Baffin Island Beavers batting - Pitching for Birmingham Steeldogs : RHP Albert Gonzáles
Batting: LHB Mike MacFadden 0-0: Ball
1-0: Foul Ball, location: 2F
1-1: Called Strike
1-2: Foul Ball, location: 2F
1-2: Strikes out looking
Batting: LHB Chris Bates 0-0: Swinging Strike
0-1: Foul Ball, location: 2F
0-2: SOLO HOME RUN (Flyball, 9D), Distance : 395 ft
Batting: LHB José Berroa 0-0: Ball
1-0: Ball
2-0: Ball
3-0: Called Strike
3-1: Base on Balls
Batting: SHB Alonso Ferreira 0-0: Foul Ball, location: 2F
0-1: Ball
1-1: SINGLE (Line Drive, 6M)
José Berroa to second
Batting: LHB Lorenzo Villa 0-0: Ball
1-0: Fly out, F8 (Flyball, 8RM)
Batting: RHB Tony Morton 0-0: Foul Ball, location: 2F
0-1: Ball
1-1: Foul Ball, location: 2F
1-2: DOUBLE (Flyball, 7LD)
José Berroa scores
Alonso Ferreira to third
Batting: LHB Mario García 0-0: Reached on error, E6 (Groundball, 6)
Alonso Ferreira scores
Tony Morton to third
Batting: RHB Dave Craig 0-0: Called Strike
0-1: Ball
1-1: Foul Ball, location: 2F
1-2: Ball
2-2: Ball
3-2: Strikes out looking
Top of the 3rd over - 3 run(s), 3 hit(s), 1 error(s), 2 left on base; Baffin Island 3 - Birmingham 0
BOTTOM OF THE 3RD
Birmingham Steeldogs batting - Pitching for Baffin Island Beavers : RHP Mang Tow
Batting: LHB José Martínez 0-0: Called Strike
0-1: SINGLE (Line Drive, 6MD)
Batting: RHB Raúl Soto 0-0: Ball
1-0: Ball
2-0: Called Strike
2-1: Ball
3-1: Called Strike
3-2: Fly out, F3 (Popup, 3DF)
Batting: LHB José Sánchez 0-0: Called Strike
0-1: Ball
1-1: Foul Ball, location: 2F
1-2: Ball
2-2: Ball
3-2: Foul Ball, location: 2F
3-2: Fly out, F8 (Flyball, 78M)
Batting: LHB Chris Miller 0-0: Called Strike
0-1: Called Strike
0-2: DOUBLE (Flyball, 78XD)
José Martínez to third
Runner from 3rd tries for Home, SAFE, no throw or cutoff
Batting: LHB Arturo Molina 0-0: Called Strike
0-1: Called Strike
0-2: Fly out, F8 (Flyball, 8LM)
Bottom of the 3rd over - 1 run(s), 2 hit(s), 0 error(s), 1 left on base; Baffin Island 3 - Birmingham 1
TOP OF THE 4TH
Baffin Island Beavers batting - Pitching for Birmingham Steeldogs : RHP Albert Gonzáles
Batting: LHB Keng-chi Lao 0-0: Ball
1-0: Foul Ball, location: 2F
1-1: Ball
2-1: Called Strike
2-2: Foul Ball, location: 2F
2-2: Fly out, F6 (Popup, 6MD)
Batting: LHB Mike MacFadden 0-0: Ball
1-0: Called Strike
1-1: Foul Ball, location: 2F
1-2: Ball
2-2: Foul Ball, location: 2F
2-2: Ball
3-2: Strikes out swinging
Batting: LHB Chris Bates 0-0: Ball
1-0: Called Strike
1-1: Fly out, F8 (Flyball, 8LD)
Top of the 4th over - 0 run(s), 0 hit(s), 0 error(s), 0 left on base; Baffin Island 3 - Birmingham 1
BOTTOM OF THE 4TH
Birmingham Steeldogs batting - Pitching for Baffin Island Beavers : RHP Mang Tow
Batting: RHB Eric Johnson 0-0: Ball
1-0: Fly out, F9 (Flyball, 89D)
Batting: LHB Mitchell Oglethorpe 0-0: Swinging Strike
0-1: Called Strike
0-2: Ball
1-2: Ball
2-2: Foul Ball, location: 2F
2-2: Strikes out swinging
Batting: RHB Jean-Paul St-Pierre 0-0: Called Strike
0-1: Ground out 4-3 (Groundball, 34S)
Bottom of the 4th over - 0 run(s), 0 hit(s), 0 error(s), 0 left on base; Baffin Island 3 - Birmingham 1
TOP OF THE 5TH
Baffin Island Beavers batting - Pitching for Birmingham Steeldogs : RHP Albert Gonzáles
Batting: LHB José Berroa 0-0: Called Strike
0-1: Fly out, F8 (Flyball, 8RD)
Batting: SHB Alonso Ferreira 0-0: Ball
1-0: Foul Ball, location: 2F
1-1: Foul Ball, location: 2F
1-2: Foul Ball, location: 2F
1-2: Ball
2-2: Fly out, F7 (Flyball, 7D)
Batting: LHB Lorenzo Villa 0-0: Ball
1-0: Ball
2-0: Fly out, F8 (Flyball, 8LD)
Top of the 5th over - 0 run(s), 0 hit(s), 0 error(s), 0 left on base; Baffin Island 3 - Birmingham 1
BOTTOM OF THE 5TH
Birmingham Steeldogs batting - Pitching for Baffin Island Beavers : RHP Mang Tow
Batting: RHB Lorenzo Martínez 0-0: Ball
1-0: Foul Ball, location: 2F
1-1: Ground out 6-3 (Groundball, 6)
Batting: LHB José Martínez 0-0: Called Strike
0-1: Ball
1-1: DOUBLE (Line Drive, 7LD)
Batting: RHB Raúl Soto 0-0: Ball
1-0: Ball
2-0: Foul Ball, location: 2F
2-1: Ball
3-1: Called Strike
3-2: Foul Ball, location: 2F
3-2: Foul Ball, location: 2F
3-2: Strikes out looking
Batting: LHB José Sánchez 0-0: Ball
1-0: Ball
2-0: Foul Ball, location: 2F
2-1: Ground out 1-3 (Groundball, 13S)
Bottom of the 5th over - 0 run(s), 1 hit(s), 0 error(s), 1 left on base; Baffin Island 3 - Birmingham 1
TOP OF THE 6TH
Baffin Island Beavers batting - Pitching for Birmingham Steeldogs : RHP Albert Gonzáles
Batting: RHB Tony Morton 0-0: Foul Ball, location: 2F
0-1: Fly out, F8 (Flyball, 8RS)
Batting: LHB Mario García 0-0: Foul Ball, location: 2F
0-1: Swinging Strike
0-2: Strikes out swinging
Batting: RHB Dave Craig 0-0: Ball
1-0: Foul Ball, location: 2F
1-1: Ball
2-1: Fly out, F5 (Line Drive, 56)
Top of the 6th over - 0 run(s), 0 hit(s), 0 error(s), 0 left on base; Baffin Island 3 - Birmingham 1
BOTTOM OF THE 6TH
Birmingham Steeldogs batting - Pitching for Baffin Island Beavers : RHP Mang Tow
Batting: LHB Chris Miller 0-0: SINGLE (Groundball, 56D) (infield hit)
Batting: LHB Arturo Molina 0-0: Ball
1-0: Called Strike
1-1: Foul Ball, location: 2F
1-2: Fly out, F7 (Flyball, 7LMF)
Batting: RHB Eric Johnson 0-0: Grounds into double play, 6-4-3 (Groundball, 6)
Bottom of the 6th over - 0 run(s), 1 hit(s), 0 error(s), 0 left on base; Baffin Island 3 - Birmingham 1
TOP OF THE 7TH
Baffin Island Beavers batting - Pitching for Birmingham Steeldogs : RHP Albert Gonzáles
Pitching: RHP Stanley Briggs
Batting: LHB Keng-chi Lao 0-0: Ground out 1-3 (Groundball, 13S)
Batting: LHB Mike MacFadden 0-0: Ball
1-0: Fly out, F8 (Line Drive, 8RM)
Batting: LHB Chris Bates 0-0: SINGLE (Line Drive, 89M)
Batting: LHB José Berroa 0-0: Ball
1-0: Ball
2-0: Fly out, F7 (Flyball, 7D)
Top of the 7th over - 0 run(s), 1 hit(s), 0 error(s), 1 left on base; Baffin Island 3 - Birmingham 1
BOTTOM OF THE 7TH
Birmingham Steeldogs batting - Pitching for Baffin Island Beavers : RHP Mang Tow
Batting: LHB Mitchell Oglethorpe 0-0: Called Strike
0-1: Ball
1-1: SINGLE (Flyball, 89S)
Batting: RHB Jean-Paul St-Pierre 0-0: Ball
1-0: Sac Bunt - play at first, batter OUT! 2-4
Mitchell Oglethorpe to second
Batting: RHB Lorenzo Martínez 0-0: Ground out 6-3 (Groundball, 6)
Batting: LHB José Martínez 0-0: Ball
1-0: Ball
2-0: Ball
3-0: Base on Balls
Batting: RHB Raúl Soto 0-0: Ball
1-0: Swinging Strike
1-1: Swinging Strike
1-2: Ball
2-2: Foul Ball, location: 2F
2-2: Ground out 5-3 (Groundball, 5S)
Bottom of the 7th over - 0 run(s), 1 hit(s), 0 error(s), 2 left on base; Baffin Island 3 - Birmingham 1
TOP OF THE 8TH
Baffin Island Beavers batting - Pitching for Birmingham Steeldogs : RHP Stanley Briggs
Batting: SHB Alonso Ferreira 0-0: Called Strike
0-1: Ball
1-1: SOLO HOME RUN (Flyball, 8RXD), Distance : 436 ft
Batting: LHB Lorenzo Villa 0-0: Ground out 1-3 (Groundball, 23)
Batting: RHB Tony Morton 0-0: Ball
1-0: Called Strike
1-1: Ball
2-1: Foul Ball, location: 2F
2-2: Ball
3-2: Fly out, F8 (Line Drive, 8RD)
Batting: LHB Mario García 0-0: Called Strike
0-1: Ball
1-1: Foul Ball, location: 2F
1-2: Ball
2-2: Foul Ball, location: 2F
2-2: Ball
3-2: Base on Balls
Batting: RHB Dave Craig 0-0: Ball
1-0: Ball
2-0: Ball
3-0: Base on Balls
Mario García to second
Batting: LHB Keng-chi Lao 0-0: Called Strike
0-1: Fly out, F8 (Flyball, 8RM)
Top of the 8th over - 1 run(s), 1 hit(s), 0 error(s), 2 left on base; Baffin Island 4 - Birmingham 1
BOTTOM OF THE 8TH
Birmingham Steeldogs batting - Pitching for Baffin Island Beavers : RHP Mang Tow
Batting: LHB José Sánchez 0-0: Ball
1-0: Foul Ball, location: 2F
1-1: Called Strike
1-2: Ball
2-2: Ground out 4-3 (Groundball, 4)
Batting: LHB Chris Miller 0-0: Ball
1-0: Called Strike
1-1: Ball
2-1: Called Strike
2-2: Fly out, F7 (Flyball, 78D)
Batting: LHB Arturo Molina 0-0: Called Strike
0-1: Ball
1-1: Foul Ball, location: 2F
1-2: Ball
2-2: Foul Ball, location: 2F
2-2: SOLO HOME RUN (Flyball, 9LD), Distance : 457 ft
Batting: RHB Eric Johnson 0-0: Foul Ball, location: 2F
0-1: Called Strike
0-2: Ball
1-2: Strikes out swinging
Bottom of the 8th over - 1 run(s), 1 hit(s), 0 error(s), 0 left on base; Baffin Island 4 - Birmingham 2
TOP OF THE 9TH
Baffin Island Beavers batting - Pitching for Birmingham Steeldogs : RHP Stanley Briggs
Batting: LHB Mike MacFadden 0-0: Foul Ball, location: 2F
0-1: Ball
1-1: Ground out 4-3 (Groundball, 4)
Batting: LHB Chris Bates 0-0: Ball
1-0: Swinging Strike
1-1: Fly out, F4 (Line Drive, 4)
Batting: LHB José Berroa 0-0: Ball
1-0: Foul Ball, location: 2F
1-1: Ball
2-1: SINGLE (Groundball, 4M)
Batting: SHB Alonso Ferreira 0-0: Foul Ball, location: 2F
0-1: Ball
1-1: Foul Ball, location: 2F
1-2: SINGLE (Groundball, 6MD)
José Berroa to second
Runner from 2nd tries for 3rd, SAFE, throw made to third
Batting: LHB Lorenzo Villa 0-0: SINGLE (Line Drive, 8RS)
José Berroa scores
Alonso Ferreira to second
Batting: RHB Tony Morton 0-0: Called Strike
0-1: Ball
1-1: Ball
Wild Pitch!
Alonso Ferreira to third
Lorenzo Villa to second
2-1: Ground out 4-3 (Groundball, 4M)
Top of the 9th over - 1 run(s), 3 hit(s), 0 error(s), 2 left on base; Baffin Island 5 - Birmingham 2
BOTTOM OF THE 9TH
Birmingham Steeldogs batting - Pitching for Baffin Island Beavers : RHP Mang Tow
Pitching: LHP Edgardo Guzmán
Batting: LHB Mitchell Oglethorpe 0-0: Swinging Strike
0-1: Called Strike
0-2: Ball
1-2: Foul Ball, location: 2F
1-2: Ball
2-2: Foul Ball, location: 2F
2-2: Strikes out swinging
Batting: RHB Jean-Paul St-Pierre 0-0: Ball
1-0: Swinging Strike
1-1: Swinging Strike
1-2: Ball
2-2: Foul Ball, location: 2F
2-2: Foul Ball, location: 2F
2-2: Strikes out swinging
Batting: RHB Lorenzo Martínez 0-0: Fly out, F8 (Line Drive, 8LM)
Bottom of the 9th over - 0 run(s), 0 hit(s), 0 error(s), 0 left on base; Baffin Island 5 - Birmingham 2
Monday, December 5th, 2016 - OOTP Baseball 17.12 Build 75